 Dungeon Crawl Stone Soup version 0.19-a0-700-gd2fa977 (webtiles) character file.

4209 Blunderbuss the Transmogrifier (level 10, -5/84 HPs)
             Began as a Merfolk Transmuter on June 19, 2016.
             Was an Initiate of Uskayaw.
             Slain by an orc warrior
             ... wielding a +0 halberd
              (8 damage)
             ... on level 9 of the Dungeon.
             The game lasted 00:48:52 (8375 turns).

Blunderbuss the Transmogrifier (Merfolk Transmuter) Turns: 8375, Time: 00:48:53

Health: -5/84      AC:  6    Str: 13    XL:     10   Next: 29%
Magic:  23/29      EV: 16    Int: 11    God:    Uskayaw [......]
Gold:   478        SH:  0    Dex: 18    Spells: 5 memorised, 7 levels left

rFire  x . .     SeeInvis +       - Unarmed
rCold  + + +     Gourm    .     (armour currently unavailable)
rNeg   . . .     Faith    .     (shield currently unavailable)
rPois  +         Spirit   .     (helmet currently unavailable)
rElec  .         Dismiss  .     (cloak currently unavailable)
rCorr  .         Reflect  .     (gloves currently unavailable)
SustAt .         Harm     .     (boots currently unavailable)
MR     .....                    (no amulet)
Stlth  +++.......               y - ring of see invisible
                                l - ring of magical power

@: mighty, ice-form, not resistant to hostile enchantments, fairly stealthy
A: (change form in water), (swift swim), (deformed body), dopey 1, mutation
resistance 1, weak 1, MP-powered wands
a: End Transformation, Renounce Religion


You were on level 9 of the Dungeon.
You worshipped Uskayaw.
Uskayaw was noncommittal.
You were hungry.
You were a creature of crystalline ice.
You visited 1 branch of the dungeon, and saw 9 of its levels.

You collected 478 gold pieces.

Inventory:

Missiles
 a - 179 arrows
Armour
 i - a +0 robe of fire resistance
 k - a +0 cloak (melded)
 z - a +1 pair of gloves (melded)
 C - the +1 robe of Fyeczolu (melded) {+Blink MP+9 Dex+2}
   (You found it on level 4 of the Dungeon)

   It affects your dexterity (+2).
   It affects your magic capacity (+9).
   It lets you blink.
Jewellery
 e - a +2 ring of protection
 f - an uncursed ring of fire
 l - a ring of magical power (left front paw)
 p - an uncursed ring of magical power
 v - an uncursed ring of teleportation
 y - a ring of see invisible (right front paw)
 F - an uncursed amulet of guardian spirit
 I - a cursed ring of ice
Wands
 b - a wand of polymorph (7/24)
 n - a wand of teleportation (5/9)
 w - a wand of random effects (20/48)
Scrolls
 g - a scroll of vulnerability {unknown}
 o - 2 scrolls of magic mapping
 q - 2 scrolls of enchant weapon
 t - a scroll of recharging
 u - a scroll of amnesia
 A - a scroll of remove curse
Potions
 h - 5 potions of flight
 r - 2 potions of lignification
 s - a potion of cancellation
 D - 2 potions of might
 E - 3 potions of resistance
Books
 c - a book of Changes

   Spells                             Type                      Level
   a - Beastly Appendage              Transmutation                1
   b - Sticks to Snakes               Transmutation                2
   c - Spider Form                    Transmutation/Poison         3
   d - Ice Form                       Ice/Transmutation            4
   e - Blade Hands                    Transmutation                5
 x - a book of Conjurations

   Spells                             Type                      Level
   a - Magic Dart                     Conjuration                  1
   b - Searing Ray                    Conjuration                  2
   c - Dazzling Spray                 Conjuration/Hexes            3
   d - Fulminant Prism                Conjuration/Hexes            4
   e - Iskenderun's Mystic Blast      Conjuration                  4
   f - Iskenderun's Battlesphere      Conjuration/Charms           5
 H - a book of the Tempests

   Spells                             Type                      Level
   a - Static Discharge               Conjuration/Air              3
   b - Lightning Bolt                 Conjuration/Air              5
   c - Fireball                       Conjuration/Fire             5
   d - Tornado                        Air                          9
   e - Shatter                        Earth                        9
 J - a Grand Grimoire

   Spells                             Type                      Level
   a - Monstrous Menagerie            Summoning                    7
   b - Summon Greater Demon           Summoning                    7
   c - Malign Gateway                 Summoning/Translocation      7
   d - Summon Horrible Things         Summoning                    8
Comestibles
 d - 7 bread rations
 j - 5 meat rations
 B - a beef jerky


   Skills:
 - Level 3.6 Fighting
 - Level 8.8 Dodging
 + Level 5.1 Stealth
 - Level 5.7 Unarmed Combat
 * Level 6.9 Spellcasting
 * Level 10.1 Transmutations
 + Level 0.2 Ice Magic
 + Level 2.6 Poison Magic
 + Level 2.1 Invocations
 + Level 0.6 Evocations


You had 7 spell levels left.
You knew the following spells:

 Your Spells              Type           Power        Failure   Level  Hunger
a - Beastly Appendage     Tmut           ####..       1%          1    None
b - Sticks to Snakes      Tmut           ####....     1%          2    ##.....
c - Spider Form           Tmut/Pois      ###.......   4%          3    ###....
d - Ice Form              Ice/Tmut       ###.....     24%         4    ####...
e - Blade Hands           Tmut           ####......   10%         5    ######.


Dungeon Overview and Level Annotations

Branches:
Dungeon (9/15)             Temple (0/1) D:4
   Lair: D:8-11         Orc: D:9-12

Altars:
Ashenzari
Dithmenos
Fedhas
Qazlal
Trog
Uskayaw
Vehumet
Yredelemnul
Zin

Shops:
D:4 =

Annotations:
D:8 Maurice; zervinho's ghost, novice FeBe


Innate Abilities, Weirdness & Mutations

((You revert to your normal form in water.))
((You are very nimble and swift while swimming.))
((Armour fits poorly on your strangely shaped body.))
You are dopey. (Int -2)
You are somewhat resistant to further mutation.
You are weak. (Str -2)
You expend magic power (3 MP) to strengthen your wands.


Message History

An orc priest comes into view. It is wielding a club.
You pummel the orc!! You freeze the orc.
You kill the orc!
The orc hits you with a hand axe.
* * * LOW HITPOINT WARNING * * *
You can now pass through a line of other dancers.
You punch the orc! You freeze the orc.
You kill the orc!
The orc warrior completely misses you.
Okay, then.
You stomp with the beat, sending a shockwave through the revelers around you!
You feel somewhat more hungry.
You can no longer pass through a line of other dancers.
The orc warrior hits you from afar with a halberd!
* * * LOW HITPOINT WARNING * * *
You stomp with the beat, sending a shockwave through the revelers around you!
You feel somewhat more hungry.
You can no longer stomp with the beat.
The orc warrior hits you from afar with a halberd!
You die...

#...#
....#
.#### ##
## .#
##8###8##
Y#
#...#...#
Yo
...o....#


YoY ....oo..+ #..Y ..Y..o))# #.oo #o)Y# #8## ##8## ## ## You could see a yak, 2
orc warriors, an orc priest and 2 orcs.

Vanquished Creatures
  Psyche (D:8)
  A troll (D:9)
  Grinder (D:3)
  A hungry ghost (D:9)
  A steam dragon (D:9)
  Duvessa (D:5)
  A black bear (D:7)
  An ice beast (D:9)
  An orc warrior (D:6)
  6 ogres
  5 centaurs
  4 giant frogs
  A gnoll sergeant (D:6)
  3 scorpions
  Dowan (D:5)
  6 killer bees (D:8)
  3 wights (D:6)
  2 crimson imps
  2 centaur zombies
  2 giant frog zombies
  A gnoll shaman (D:7)
  An orc priest (D:3)
  4 orc wizards
  2 iguanas
  Natasha (thrice) (D:3)
  3 worker ants
  2 hound zombies
  2 hound skeletons
  Robin (D:3)
  A howler monkey zombie (D:6)
  2 worker ant zombies (D:6)
  17 gnolls
  11 adders
  An ooze (D:4)
  4 worms
  2 adder skeletons
  2 dart slugs
  6 giant geckos
  19 orcs
  4 giant cockroaches
  22 goblins
  15 hobgoblins
  10 jackals
  13 kobolds
  2 quokkas
  A ball python (D:3)
  4 bats
  A giant gecko skeleton (D:7)
  6 giant newts
  7 rats
213 creatures vanquished.

Vanquished Creatures (collateral kills)
  Terence (D:2)
  A gnoll (D:6)
  2 orcs (D:3)
  A giant cockroach (D:3)
  A rat (D:3)
6 creatures vanquished.

Grand Total: 219 creatures vanquished

Notes
Turn   | Place    | Note
--------------------------------------------------------------
     0 | D:1      | Blunderbuss the Merfolk Transmuter began the quest for the Orb.
     0 | D:1      | Reached XP level 1. HP: 15/15 MP: 3/3
   203 | D:1      | Reached XP level 2. HP: 15/21 MP: 3/5
   207 | D:1      | Learned a level 2 spell: Sticks to Snakes
   441 | D:2      | Reached XP level 3. HP: 4/26 MP: 4/6
  1041 | D:2      | Noticed Terence
  1049 | D:2      | Killed Terence
  1049 | D:2      | Reached skill level 3 in Transmutations
  1109 | D:2      | Reached XP level 4. HP: 32/32 MP: 5/7
  2412 | D:3      | Noticed Robin
  2449 | D:3      | Reached XP level 5. HP: 10/37 MP: 8/8
  2465 | D:3      | Learned a level 3 spell: Spider Form
  2652 | D:3      | Reached skill level 4 in Transmutations
  2655 | D:3      | Noticed Natasha
  2700 | D:3      | Killed Natasha
  2785 | D:3      | Killed Robin
  2785 | D:3      | Reached skill level 5 in Dodging
  2811 | D:3      | Noticed Natasha
  2821 | D:3      | Killed Natasha
  2821 | D:3      | Reached XP level 6. HP: 14/43 MP: 10/10
  2926 | D:3      | Noticed Grinder
  3024 | D:3      | Paralysed by Grinder for 7 turns
  3038 | D:3      | Killed Grinder
  3138 | D:3      | Found a basalt altar of Yredelemnul.
  3138 | D:3      | Found a stormy altar of Qazlal.
  3140 | D:3      | Found a hide-covered altar of Uskayaw.
  3140 | D:3      | Found a shattered altar of Ashenzari.
  3141 | D:3      | Noticed Natasha
  3150 | D:3      | Killed Natasha
  3150 | D:3      | Reached XP level 7. HP: 42/49 MP: 11/11
  3151 | D:3      | Found a bloodstained altar of Trog.
  3162 | D:3      | Became a worshipper of Uskayaw the Reveler
  3256 | D:3      | Reached * piety under Uskayaw
  3258 | D:3      | Reached ** piety under Uskayaw
  3265 | D:3      | Reached *** piety under Uskayaw
  3404 | D:4      | Found a staircase to the Ecumenical Temple.
  3468 | D:4      | Got a fine robe
  3479 | D:4      | Identified the cursed +1 robe of Fyeczolu {+Blink MP+9 Dex+2} (You found it on level 4 of the Dungeon)
  3507 | D:4      | Reached skill level 1 in Poison Magic
  3560 | D:4      | Reached skill level 1 in Stealth
  3720 | D:4      | Found Kovvillo's Jewellery Shop.
  3890 | D:4      | Reached skill level 5 in Transmutations
  4114 | D:4      | Learned a level 4 spell: Ice Form
  4115 | D:5      | Entered Level 5 of the Dungeon
  4160 | D:5      | Reached XP level 8. HP: 51/57 MP: 13/13
  4296 | D:5      | Found a glowing silver altar of Zin.
  4305 | D:5      | Found a blossoming altar of Fedhas.
  4365 | D:5      | Noticed Duvessa
  4365 | D:5      | Noticed Dowan
  4380 | D:5      | Killed Dowan
  4380 | D:5      | Reached skill level 5 in Unarmed Combat
  4426 | D:5      | Killed Duvessa
  4426 | D:5      | Reached skill level 6 in Transmutations
  4463 | D:5      | Found a shattered altar of Ashenzari.
  4809 | D:6      | Gained mutation: You expend magic power (3 MP) to strengthen your wands. [mutagenic glow]
  4848 | D:6      | Gained mutation: Armour fits poorly on your strangely shaped body. [mutagenic glow]
  4874 | D:6      | Gained mutation: You are dopey. (Int -2) [mutagenic glow]
  4908 | D:6      | Gained mutation: You are weak. (Str -2) [mutagenic glow]
  4936 | D:6      | Gained mutation: You are somewhat resistant to further mutation. [potion of beneficial mutation]
  5235 | D:6      | Reached skill level 1 in Invocations
  5235 | D:6      | Reached **** piety under Uskayaw
  5375 | D:6      | Reached skill level 7 in Transmutations
  5403 | D:6      | Reached XP level 9. HP: 64/64 MP: 11/15
  5543 | D:6      | Found a radiant altar of Vehumet.
  6170 | D:7      | Reached ***** piety under Uskayaw
  6252 | D:7      | Reached skill level 8 in Transmutations
  6273 | D:7      | Reached skill level 5 in Spellcasting
  6807 | D:8      | Noticed Psyche
  6829 | D:8      | Killed Psyche
  6913 | D:8      | Reached skill level 9 in Transmutations
  7244 | D:8      | Reached XP level 10. HP: 19/70 MP: 19/19
  7484 | D:8      | Noticed zervinho's ghost (novice FeBe)
  7684 | D:8      | Noticed Maurice
  7916 | D:9      | Found a shadowy altar of Dithmenos.
  8170 | D:9      | Reached skill level 10 in Transmutations
  8332 | D:9      | Reached skill level 5 in Stealth
  8341 | D:9      | Learned a level 5 spell: Blade Hands
  8374 | D:9      | HP: 3/84 [orc warrior/halberd (12)]
  8375 | D:9      | Slain by an orc warrior

Vault maps used:
D:1:      zaba_arrival_water, minmay_misc_feat_plants
D:2:      first_bread, kennysheep_nondescript, uniq_terence
D:3:      grunt_temple_overflow_open, serial_glass, glass_columns_a,
          glass_columns_c, glass_columns_b, glass_columns_a, glass_columns_a,
          feat_on_display, due_unseen_surprise, serial_bayou_pond_e, uniq_robin,
          uniq_natasha, uniq_grinder
D:4:      minmay_temple_entry_statues_fountains, serial_shops, kennysheep_mini
D:5:      minitemple, cheibrodos_ashenzari_chains, uniq_duvessa
D:6:      corexii_shantytown, lemuel_crystal_altar, minmay_misc_feat_nine_boxes
D:8:      lemuel_upstairs_altar, uniq_psyche, uniq_pikel, uniq_maurice
D:9:      old_standard_altar, grunt_pakellas_sulfur, david_orc_4, serial_shops,
          shop, hangedman_little_slice_of_home

Skill      XL: |  1  2  3  4  5  6  7  8  9 10 |
---------------+-------------------------------+-----
Dodging        | 3 4 5 6 7 8 |  8.8
Transmutations | 3 4 5 7 9 10 | 10.1
Unarmed Combat | 4 5 |  5.7
Spellcasting   | 3 4 6 |  6.9
Poison Magic   | 1 2 |  2.6
Fighting       | 2 3 |  3.6
Stealth        | 1 2 4 5 |  5.1
Invocations    | 2 |  2.1
Ice Magic      | |  0.2
Evocations     | |  0.6

Action                   |  1- 3 |  4- 6 |  7- 9 | 10-12 || total
-------------------------+-------+-------+-------+-------++-------
Melee: Unarmed           |    92 |   133 |   523 |    93 ||   841
       Headbutt          |     7 |    14 |    50 |     9 ||    80
       Punch             |     1 |     1 |     4 |     4 ||    10
 Cast: Beastly Appendage |    17 |    17 |    34 |     5 ||    73
       Sticks to Snakes  |     2 |     5 |     8 |       ||    15
       Spider Form       |       |     6 |    17 |     4 ||    27
       Ice Form          |       |       |       |     1 ||     1
Invok: Stomp             |       |       |     2 |     2 ||     4
Evoke: Wand              |       |       |     4 |     2 ||     6
  Use: Potion            |     1 |     6 |     7 |     4 ||    18
       Scroll            |       |     6 |    11 |     3 ||    20
 Stab: Paralysed         |       |       |    10 |       ||    10
       Sleeping          |       |       |    11 |     1 ||    12
       Distracted        |       |       |     2 |       ||     2
  Eat: Fruit             |     4 |       |    12 |       ||    16
       Beef jerky        |     1 |     1 |     1 |     1 ||     4
       Meat ration       |       |     1 |     1 |       ||     2
       Pizza             |       |       |     2 |       ||     2
Armor: Robe              |    15 |    19 |    47 |     6 ||    87
       Skin              |       |     6 |    26 |     1 ||    33
Dodge: Dodged            |    60 |   117 |   501 |    96 ||   774
